 Dungeon Sprint DCSS version 0.31-a0-596-g831eee08f1 (webtiles) character file.

Game seed: 18324644992693780641

1337 sircluck the Cleaver (level 8, -2/121 HPs)
             Began as a Hill Orc Fighter on Aug 20, 2023.
             Was the Champion of Qazlal.
             Slain by a ghost moth (5 damage)
             ... in the Dungeon (Sprint VII: "The Pits").
             The game lasted 00:05:08 (813 turns).

sircluck the Cleaver (Hill Orc Fighter)              Turns: 813, Time: 00:05:09

Health: -2/121     AC: 18    Str: 19 (21) XL:     8   Next: 61%
Magic:  15/15      EV:  8    Int:  7 (8)  God:    Qazlal [******]
Gold:   0          SH: 13    Dex:  7 (10) Spells: 7/7 levels left

rFire   . . .        w - +1 broad axe (freeze)
rCold   . . .        c - +0 buckler
rNeg    . . .        r - +3 chain mail
rPois   .            (no helmet)
rElec   .            x - +0 cloak
rCorr   .            y - +0 pair of gloves
SInv    .            z - +0 pair of boots
Will    .....        (no amulet) Stlth
                     (no ring)
HPRegen 0.40/turn    (no ring)
MPRegen 0.14/turn

%: no teleportation, repel missiles
@: berserking, invisible, very quick
A: no striking features
a: Renounce Religion, Upheaval, Elemental Force, Disaster Area


You were in the Dungeon.
You worshipped Qazlal.
Qazlal was exalted by your worship.
You visited 1 branch

Inventory:

Hand Weapons
 a - a +0 war axe
 k - a +2 hand axe
 q - a +2 heavy hand axe
 w - a +1 broad axe of freezing (weapon)
Missiles
 p - 10 stones
Armour
 b - a +0 scale mail
 c - a +0 buckler (worn)
 r - a +3 chain mail (worn)
 x - a +0 cloak (worn)
 y - a +0 pair of gloves (worn)
 z - a +0 pair of boots (worn)
 A - +0 acid dragon scales
Jewellery
 s - a +3 ring of protection
 u - a +3 ring of protection
Scrolls
 m - 2 scrolls of vulnerability
 n - 5 scrolls of amnesia
 o - a scroll of butterflies
Potions
 d - 2 potions of might
 e - 7 potions of curing
 f - 3 potions of heal wounds
 g - 2 potions of haste
 h - 4 potions of magic
 i - 4 potions of berserk rage
 l - a potion of invisibility
 t - a potion of mutation
 v - a potion of brilliance


   Skills:
 + Level 10.7 Fighting
 + Level 11.3 Axes
 + Level 9.8 Armour
 + Level 9.8 Shields
 + Level 10.5 Invocations


You had 7 spell levels left.
You didn't know any spells.
Your spell library was empty.

Dungeon Overview and Level Annotations

Branches:
Dungeon (1/1)

Altars:
Ashenzari
Cheibriados
Dithmenos
Elyvilon
Fedhas
Gozag
Hepliaklqana
Kikubaaqudgha
Makhleb
Nemelex Xobeh
Okawaru
Qazlal
Ru
Sif Muna
Trog
Uskayaw
Vehumet
Wu Jian
Xom
Yredelemnul
Zin
The Shining One
Beogh
Jiyva
Lugonu


Message History

You kill the hornet!
Qazlal accepts your kill.
You hit the hell rat but do no damage.
You feel yourself speed up.
The hell rat bites you but does no damage. x2
Something hits you!
You feel clumsy. Something hits you.
You feel dopey.
Something stings you but does no damage.
You feel your intelligence returning.
You feel your dexterity returning.
You barely miss the hell rat. You slash something! You freeze something.
The hell rat barely misses you. Something hits you.
Something hits you but does no damage. Something stings you.
You feel clumsy.
You barely miss the hell rat. You slash something! You freeze something.
You block the hell rat's attack. Something hits you!
You feel clumsy. Something hits you!
* * * LOW HITPOINT WARNING * * *
You feel clumsy. Something stings you.
* * * LOW HITPOINT WARNING * * *
You feel weakened.
You feel much better. You block the hell rat's attack. Something hits you!
Something hits you but does no damage.
Something stings you but does no damage.
The hell rat bites you!
* * * LOW HITPOINT WARNING * * *
A red film seems to cover your vision as you go berserk!
You feel yourself moving faster!
You feel mighty! Something hits you but does no damage.
You block something's attack. Something stings you!
* * * LOW HITPOINT WARNING * * *
You feel weakened.
The hell rat bites you but does no damage.
Something hits you!
* * * LOW HITPOINT WARNING * * *
Something hits you.
You die...

'#####......#..#......#
.)..##........÷.......#
###'#####'#####''######
.†..##.......##'†#####
....##.......##......+
#†####.......##......+
..).##...<...##.§°☼.##
....##.......##°.○###
....##.......##.@##
######.......##r'#
.#..###########.........
.#.############++#...#..
.#.#....#....# #.....
##)#....#...[# ##...
.#.)..[.'..))# ..
.#'#....#...)# .
.')#.).)#..))#


You could see a hell rat (unable to see you).

Vanquished Creatures
  A hornet (D)
  A hellwing (D)
  A shadow (D)
  An acid dragon (D)
  A water moccasin (D)
  An ice beast (D)
  A centaur (D)
  2 bullfrogs (D)
  3 orc priests (D)
  A gnoll bouda (D)
  An iron imp (D)
  An orc wizard (D)
  A hell rat (D)
  5 gnolls (D)
  An adder (D)
  A white imp (D)
  5 orcs (D)
  A ball python (D)
  An endoplasm (D)
  A giant cockroach (D)
  4 jackals (D)
  A ball python skeleton (D)
  A frilled lizard (D)
  A kobold (D)
38 creatures vanquished.

Notes
Turn   | Place    | Note
-------+----------+-------------------------------------------
     0 | D        | sircluck the Hill Orc Fighter began the quest for the Orb.
     0 | D        | Reached XP level 1. HP: 19/19 MP: 1/1
    18 | D        | Reached skill level 3 in Axes
    18 | D        | Reached XP level 2. HP: 28/28 MP: 2/2
    24 | D        | Found a bloodstained altar of Trog.
    24 | D        | Found a shimmering blue altar of Sif Muna.
    24 | D        | Found a viscous altar of Jiyva.
    24 | D        | Found a hazy altar of Hepliaklqana.
    24 | D        | Found an opulent altar of Gozag.
    25 | D        | Found a glowing golden altar of the Shining One.
    25 | D        | Found a glowing silver altar of Zin.
    25 | D        | Found a basalt altar of Yredelemnul.
    25 | D        | Found a shimmering altar of Xom.
    25 | D        | Found an ornate altar of the Wu Jian Council.
    25 | D        | Found a sacrificial altar of Ru.
    25 | D        | Found a stormy altar of Qazlal.
    25 | D        | Found an iron altar of Okawaru.
    25 | D        | Found a sparkling altar of Nemelex Xobeh.
    25 | D        | Found a burning altar of Makhleb.
    25 | D        | Found a blossoming altar of Fedhas.
    25 | D        | Found a white marble altar of Elyvilon.
    25 | D        | Found a shadowy altar of Dithmenos.
    25 | D        | Found a snail-covered altar of Cheibriados.
    27 | D        | Found a radiant altar of Vehumet.
    27 | D        | Found a corrupted altar of Lugonu.
    27 | D        | Found a roughly hewn altar of Beogh.
    28 | D        | Found a hide-covered altar of Uskayaw.
    28 | D        | Found an ancient bone altar of Kikubaaqudgha.
    28 | D        | Found a broken altar of Ashenzari.
    32 | D        | Became a worshipper of Qazlal Stormbringer
    74 | D        | Reached * piety under Qazlal
    75 | D        | Reached skill level 4 in Axes
    86 | D        | Noticed a bullfrog
    87 | D        | Reached ** piety under Qazlal
    88 | D        | Reached skill level 1 in Invocations
    95 | D        | Reached skill level 5 in Fighting
    95 | D        | Reached XP level 3. HP: 23/36 MP: 2/4
    97 | D        | Killed a bullfrog
    97 | D        | Reached *** piety under Qazlal
    98 | D        | Reached skill level 5 in Axes
    98 | D        | Reached skill level 5 in Armour
    98 | D        | Reached skill level 5 in Shields
    98 | D        | Reached XP level 4. HP: 23/44 MP: 2/7
   170 | D        | Noticed a centaur
   171 | D        | Noticed an ice beast
   178 | D        | Reached skill level 6 in Axes
   183 | D        | Reached **** piety under Qazlal
   186 | D        | Killed a centaur
   187 | D        | Reached skill level 7 in Axes
   187 | D        | Reached skill level 5 in Invocations
   187 | D        | Reached XP level 5. HP: 19/52 MP: 7/9
   194 | D        | Reached XP level 6. HP: 45/60 MP: 5/10
   201 | D        | Killed an ice beast
   202 | D        | Reached skill level 8 in Axes
   203 | D        | Reached ***** piety under Qazlal
   395 | D        | Reached skill level 9 in Axes
   403 | D        | Reached XP level 7. HP: 28/69 MP: 11/13
   416 | D        | Noticed a hellwing
   417 | D        | Reached ****** piety under Qazlal
   417 | D        | Killed a hellwing
   418 | D        | Reached skill level 10 in Axes
   531 | D        | Noticed a shadow
   545 | D        | Killed a shadow
   546 | D        | Reached skill level 10 in Fighting
   546 | D        | Reached XP level 8. HP: 33/79 MP: 15/15
   687 | D        | Noticed a hornet
   809 | D        | Reached skill level 11 in Axes
   809 | D        | Reached skill level 10 in Invocations
   809 | D        | Killed a hornet
   813 | D        | HP: 3/121 [something (14)]
   813 | D        | Slain by a ghost moth

Illustrated notes

Levels and vault maps discovered:
D:        pitsprint [storerooms_1, entrance_room_1, metal_vault_4, armoury_2,
          mini_pit_1, grid_room_1, main_hall_1, silver_pit, the_coven_3,
          the_vestibule_1, steel_vault_1, golden_pit, hallway_of_sentries,
          crystal_vault_2, iron_vault_4, final_vault]

Skill      XL: |  1  2  3  4  5  6  7  8 |
---------------+-------------------------+-----
Fighting       | 4 5 6 7 8 10 | 10.7
Axes           | 3 4 5 7 9 10 11 | 11.3
Armour         | 4 5 6 7 9 |  9.8
Shields        | 4 5 6 7 9 |  9.8
Invocations    | 2 4 5 6 8 9 10 | 10.5

Action                     |  1- 3 |  4- 6 |  7- 9 || total
---------------------------+-------+-------+-------++-------
  Melee: War axe           |    26 |     3 |       ||    29
         Hand axe          |       |    49 |     1 ||    50
         Broad axe         |       |       |    20 ||    20
 Invoke: Upheaval          |       |     1 |       ||     1
         Disaster Area     |       |       |     1 ||     1
    Use: Potion            |       |     2 |     5 ||     7
         Scroll            |       |       |     1 ||     1
   Stab: Invisible         |       |       |     3 ||     3
 Armour: Scale mail        |    20 |       |       ||    20
         Chain mail        |       |    16 |    20 ||    36
  Dodge: Dodged            |    12 |     7 |     7 ||    26
  Block: Buckler           |     9 |    32 |    11 ||    52

Table legend: (Time is in decaauts)
 A = Elapsed time spent in this place.
 B = Non-inter-level travel time spent in this place.
 C = Inter-level travel time spent in this place.
 D = Time resting spent in this place.
 E = Time spent auto-exploring this place.
 F = Levels seen in this place.
 G = Mean time per level.
                   A        B        C        D        E       F      G
               +--------+--------+--------+--------+--------+-----+--------+
         Total |    843 |    740 |    103 |    376 |      0 |   1 |  843.0 |
       Dungeon |    843 |    740 |    103 |    376 |      0 |   1 |  843.0 |
               +--------+--------+--------+--------+--------+-----+--------+

Top non-repeatable levels by time:
       D: 843 daAuts
